 Dungeon Crawl Stone Soup version 0.24.0-10-g970556be89 (webtiles) character file.

Game seed: 13066805136122582562, levelgen mode: deterministic

4064 Delamore the Cleaver (level 10, 0/86 HPs)
             Began as a Hill Orc Monk on Nov 4, 2019.
             Was a Priest of Beogh.
             Slain by an iguana (1 damage)
             ... on level 9 of the Dungeon.
             The game lasted 00:19:14 (10696 turns).

Delamore the Cleaver (Hill Orc Monk)               Turns: 10696, Time: 00:19:15

Health: 0/86       AC:  7    Str: 21    XL:     10   Next: 25%
Magic:  0/10       EV: 12    Int: 10    God:    Beogh [***...]
Gold:   396        SH:  0    Dex: 13    Spells: 9/9 levels left

rFire    . . .     SeeInvis .   a - +0 hand axe
rCold    + . .     Gourm    .   (no shield)
rNeg     . . .     Faith    .   w - +3 leather armour {rC+}
rPois    .         Spirit   +   (no helmet)
rElec    .         Reflect  .   r - scarf {Spirit}
rCorr    .         Harm     .   (no gloves)
MR       .....                  (no boots)
Stlth    +++.......             (no amulet)
HPRegen  0.24/turn              q - ring of stealth
MPRegen  0.12/turn              u - +3 ring of strength

@: berserk cooldown, slowed, very slow
A: no striking features
a: Smiting, Renounce Religion


You were on level 9 of the Dungeon.
You worshipped Beogh.
Beogh was most pleased with you.
You were hungry.

You visited 1 branch of the dungeon, and saw 9 of its levels.

You collected 538 gold pieces.
You spent 142 gold pieces at shops.

Inventory:

Hand Weapons
 a - a +0 hand axe (weapon)
Missiles
 F - a throwing net (quivered)
Armour
 r - a scarf of spirit shield (worn)
 s - a scarf of cloud immunity
 w - a +3 leather armour of cold resistance (worn)
Jewellery
 q - a ring of stealth (left hand)
 u - a +3 ring of strength (right hand)
 H - an uncursed ring of resist corrosion
Wands
 b - a wand of disintegration (10)
Scrolls
 d - 7 scrolls of remove curse
 f - a scroll of blinking {unknown}
 h - a scroll of magic mapping {unknown}
 j - 3 scrolls of fog {unknown}
 m - 2 scrolls of noise {unknown}
 o - 3 scrolls of enchant armour {unknown}
 v - 3 scrolls of amnesia {unknown}
 x - a scroll of random uselessness {unknown}
 y - 3 scrolls of fear {unknown}
 z - 5 scrolls of teleportation {unknown}
 C - a scroll of enchant weapon {unknown}
 D - 6 scrolls of identify
 I - a scroll of holy word {unknown}
 K - a scroll of immolation {unknown}
Potions
 e - a potion of magic
 g - a potion of lignification {unknown}
 i - a potion of heal wounds
 k - 2 potions of flight
 l - a potion of ambrosia {unknown}
 n - 4 potions of curing
 p - 3 potions of invisibility {unknown}
 A - a potion of degeneration {unknown}
 B - 2 potions of agility {unknown}
 E - 3 potions of haste {unknown}
 G - a potion of cancellation {unknown}
 J - a potion of mutation {unknown}
Comestibles
 c - 14 rations
 L - 3 chunks of flesh


   Skills:
 + Level 7.4 Fighting
 + Level 14.4 Axes
 + Level 7.8 Armour
 - Level 2.6 Dodging
 - Level 1.7 Stealth
 + Level 0.7 Invocations


You had 9 spell levels left.
You didn't know any spells.
Your spell library was empty.

Dungeon Overview and Level Annotations

Branches:
Dungeon (9/15)             Temple (0/1) D:7
   Lair: D:8-11         Orc: D:9-12

Altars:
Cheibriados
Fedhas
Kikubaaqudgha
Qazlal
Ru
Uskayaw
Xom
Zin
The Shining One

Shops:
D:4 **?!


Message History

You feel your anger nearly subside.
You are no longer berserk.
You are exhausted.
You feel yourself slow down.
You hit the iguana.
The iguana is heavily wounded.
The iguana bites you but does no damage.
You hit the iguana but do no damage.
The iguana is heavily wounded.
The iguana bites you!
* * * LOW HITPOINT WARNING * * *
You closely miss the iguana.
The iguana is heavily wounded.
The iguana bites you.
* * * LOW HITPOINT WARNING * * *
Unknown command.
Aiming: Disintegrate
Press: ? - help, Shift-Dir - straight line, f - iguana
Aim: an iguana (heavily wounded, chance to defeat MR: 73%)
The iguana struggles to resist.
The iguana bites you.
You die...

#####.#....O#.# ....####.#.
......#.###.#.# ...).......
####..^.....#.# ...)....##.
#.......#####'#### ..........
#.#..............# .......†..
#..............# #######'#)...
#..............# #....##..)...
#..##..........####....###.....
#.............@lDH.....[.......
###.........#########....####....
..).........###.....#............
#######.............#.....###..##
+.............#.....####.##
#.............#............
+.............#......###..#
#.............#......# ##.#
+.............#......# #.#


You could see a hippogriff, a steam dragon and an iguana.

Vanquished Creatures
  Joseph (D:8)
  A troll (D:9)
  Edmund (D:4)
  4 ice beasts
  An orc warrior (D:7)
  A sky beast (D:9)
  2 black bears (D:7)
  A phantom (D:9)
  3 ogres
  6 centaurs
  Blork the orc (D:5)
  4 bullfrogs
  2 scorpions
  A howler monkey (D:9)
  2 crimson imps
  A quasit (D:8)
  A bullfrog zombie (D:7)
  A centaur skeleton (D:4)
  A centaur zombie (D:6)
  5 hounds
  4 orc priests
  2 jellies
  Ijyb (D:5)
  5 iguanas
  5 orc wizards
  8 worker ants
  A killer bee zombie (D:6)
  3 hound zombies
  A hound skeleton (D:5)
  10 adders
  6 gnolls
  A shadow imp (D:5)
  2 oozes (D:1)
  An adder zombie (D:8)
  A worm (D:4)
  5 dart slugs
  3 leopard geckos
  24 orcs
  6 giant cockroaches
  6 goblins
  8 hobgoblins
  3 jackals (D:7)
  6 quokkas
  2 ball pythons
  7 bats
  4 frilled lizards
  A jackal skeleton (D:5)
  6 kobolds
  A leopard gecko zombie (D:6)
  7 rats
180 creatures vanquished.

Vanquished Creatures (collateral kills)
  An orc (D:9)
1 creature vanquished.

Vanquished Creatures (others)
  A human (D:5)
  A bullfrog (D:6)
  A crimson imp (D:6)
  An orc (D:9)
4 creatures vanquished.

Grand Total: 185 creatures vanquished

Notes
Turn   | Place    | Note
-------+----------+-------------------------------------------
     0 | D:1      | Delamore the Hill Orc Monk began the quest for the Orb.
     0 | D:1      | Reached XP level 1. HP: 19/19 MP: 1/1
   109 | D:1      | Reached XP level 2. HP: 17/27 MP: 2/2
   613 | D:1      | Reached skill level 5 in Axes
   613 | D:1      | Reached XP level 3. HP: 29/33 MP: 3/3
   971 | D:1      | Found a glowing golden altar of the Shining One.
  1256 | D:2      | Reached skill level 1 in Armour
  1328 | D:2      | Found a glowing silver altar of Zin.
  1384 | D:3      | Found a shimmering altar of Xom.
  1397 | D:3      | Reached XP level 4. HP: 39/40 MP: 4/4
  1512 | D:3      | Reached skill level 6 in Axes
  1813 | D:3      | Found a stormy altar of Qazlal.
  2155 | D:3      | Reached XP level 5. HP: 46/46 MP: 5/5
  2621 | D:4      | Found Suvoes's Distillery.
  2621 | D:4      | Found Fuis's Magic Scroll Shoppe.
  2862 | D:4      | Bought a scroll of identify for 24 gold pieces
  2865 | D:4      | Bought a scroll of identify for 24 gold pieces
  2865 | D:4      | Bought a scroll of identify for 24 gold pieces
  2888 | D:4      | Found Essa's Assorted Antiques.
  2904 | D:4      | Bought a ring of strength for 52 gold pieces
  2961 | D:4      | Reached skill level 7 in Axes
  3036 | D:4      | Noticed Edmund
  3045 | D:4      | Reached XP level 6. HP: 40/52 MP: 6/6
  3131 | D:4      | Killed Edmund
  3586 | D:4      | Found Zaramet's Assorted Antiques.
  3594 | D:4      | Bought a scroll labeled ZIM ZEAXAR for 18 gold pieces
  3832 | D:5      | Entered Level 5 of the Dungeon
  3832 | D:5      | Noticed Ijyb
  3849 | D:5      | HP: 2/52 [centaur (6)]
  3850 | D:5      | Reached skill level 8 in Axes
  3850 | D:5      | Reached XP level 7. HP: 2/58 MP: 1/7
  3854 | D:5      | HP: 1/58 [quokka (2)]
  4166 | D:5      | Killed Ijyb
  4166 | D:5      | Reached skill level 5 in Armour
  4746 | D:5      | Reached skill level 9 in Axes
  4796 | D:5      | Reached XP level 8. HP: 22/66 MP: 5/8
  5100 | D:5      | Noticed Blork the orc
  5116 | D:5      | Killed Blork the orc
  5366 | D:5      | Found an ancient bone altar of Kikubaaqudgha.
  5428 | D:5      | Found a sacrificial altar of Ru.
  5807 | D:6      | Became a worshipper of Beogh the Brigand
  5807 | D:6      | Reached * piety under Beogh
  5807 | D:6      | Reached ** piety under Beogh
  5811 | D:6      | Reached skill level 10 in Axes
  6243 | D:6      | Reached skill level 11 in Axes
  7015 | D:7      | Found a snail-covered altar of Cheibriados.
  7023 | D:7      | Found a hide-covered altar of Uskayaw.
  7120 | D:7      | Found a blossoming altar of Fedhas.
  7176 | D:7      | Reached XP level 9. HP: 36/71 MP: 5/9
  7182 | D:7      | Reached skill level 12 in Axes
  7366 | D:7      | Found a staircase to the Ecumenical Temple.
  8551 | D:7      | Reached skill level 13 in Axes
  8815 | D:7      | Reached skill level 5 in Fighting
  9121 | D:8      | Reached *** piety under Beogh
  9362 | D:8      | Found the cursed +13 scythe of Curses {drain, *Curse}
  9662 | D:8      | Noticed Joseph
  9703 | D:8      | Killed Joseph
 10073 | D:9      | Reached skill level 14 in Axes
 10073 | D:9      | Reached XP level 10. HP: 56/84 MP: 8/10
 10694 | D:9      | HP: 4/86 [iguana (6)]
 10695 | D:9      | HP: 1/86 [iguana (3)]
 10696 | D:9      | Slain by an iguana

Levels and vault maps discovered:
D:1:      psy_arrival_wood_between_worlds, layout_basic, tso_altar
D:2:      layout_basic, zin_treasury
D:3:      layout_basic, xom_teletrap_fun, grunt_qazlal_clouds, first_ration
D:4:      layout_rooms, serial_shops, shop, shop, shop, shop, uniq_edmund
D:5:      minmay_angry_zag, layout_cave_pools, kennysheep_mini_moat,
          tgw_kikubaaqudgha, uniq_ijyb, uniq_blork_the_orc
D:6:      layout_basic
D:7:      layout_loops_corners, nicolae_overflow_hidden_temple,
          minmay_temple_entry_nine_rooms
D:8:      layout_basic, uniq_joseph
D:9:      layout_basic, hangedman_pestilent_swarm, minmay_fractal_squares_5

Skill      XL: |  1  2  3  4  5  6  7  8  9 10 |
---------------+-------------------------------+-----
Axes           | 5 6 7 8 9 11 14 | 14.4
Armour         | 1 2 3 4 5 7 |  7.8
Fighting       | 4 6 7 |  7.4
Dodging        | |  2.6
Stealth        | |  1.7
Invocations    | |  0.7

Action                   |  1- 3 |  4- 6 |  7- 9 | 10-12 || total
-------------------------+-------+-------+-------+-------++-------
Melee: Hand axe          |   119 |   203 |   601 |   106 ||  1029
Invok: Convert to Beogh  |       |       |     1 |       ||     1
       Smiting           |       |       |     1 |       ||     1
Evoke: Wand              |       |       |     1 |     1 ||     2
  Use: Scroll            |       |     6 |     1 |       ||     7
       Potion            |       |     1 |     1 |     2 ||     4
 Stab: Sleeping          |     2 |     3 |    16 |       ||    21
  Eat: Chunk             |     2 |     7 |    14 |     1 ||    24
       Ration            |       |       |     2 |       ||     2
Armor: Robe              |     5 |       |       |       ||     5
       Ring mail         |    26 |    48 |     3 |       ||    77
       Leather armour    |       |       |   133 |    19 ||   152
Dodge: Dodged            |    68 |   108 |   263 |    32 ||   471
